 Dungeon Crawl Stone Soup version 0.30.1 (webtiles) character file.

Game seed: 7804078114175657646

1132 booth the Conjurer (level 8, -2/57 HPs)
             Began as a White Draconian Conjurer on July 4, 2023.
             Was a Follower of Vehumet.
             Slain by a hornet (12 damage)
             ... on level 6 of the Dungeon on July 5, 2023.
             The game lasted 00:49:39 (7146 turns).

booth the Conjurer (White Draconian Conjurer)       Turns: 7146, Time: 00:49:39

Health: -2/57      AC:  8    Str:  9    XL:     8   Next: 13%
Magic:  2/14       EV: 13    Int: 18    God:    Vehumet [*.....]
Gold:   374        SH:  5    Dex: 13    Spells: 2/15 levels left

rFire   . . .        f - +2 dagger (elec)
rCold   + . .        (no shield)
rNeg    . . .        (body armour unavailable)
rPois   +            (helmet restricted)
rElec   .            v - +1 cloak
rCorr   .            (no gloves)
SInv    .            (no boots)
Will    .....        n - amulet of reflection
Stlth   +++          w - ring of wizardry
HPRegen 0.29/turn    l - ring of poison resistance
MPRegen 0.14/turn

%: reflection, wizardry (x1)
@: no status effects
A: breathe frost, AC +6, unfitting armour, cold resistance 1, cold-blooded
a: Breathe Frost, Renounce Religion


You were on level 6 of the Dungeon.
You worshipped Vehumet.
Vehumet was aware of your devotion.
You visited 2 branches of the dungeon, and saw 7 of its levels.

You collected 374 gold pieces.

Inventory:

Hand Weapons
 f - a +2 dagger of electrocution (weapon)
 y - a +2 antimagic hand axe
Missiles
 i - 11 poisoned darts (quivered)
 j - 4 boomerangs
 k - 8 javelins
 o - 2 silver boomerangs
Armour
 v - a +1 cloak (worn)
Jewellery
 g - a ring of magical power
 l - a ring of poison resistance (right hand)
 n - an amulet of reflection (around neck)
 w - a ring of wizardry (left hand)
Wands
 u - a wand of mindburst (24)
Scrolls
 e - a scroll of amnesia
 m - 2 scrolls of immolation
 t - 3 scrolls of blinking
 x - a scroll of enchant weapon {unknown}
 z - a scroll of noise {unknown}
Potions
 a - a potion of magic
 b - a potion of berserk rage
 c - 2 potions of might
 d - 2 potions of mutation {unknown}
 h - a potion of flight
 p - 2 potions of haste
 q - a potion of brilliance {unknown}
 r - a potion of curing
 s - 2 potions of heal wounds


   Skills:
 + Level 4.1 Dodging
 + Level 4.4 Stealth
 + Level 4.1 Spellcasting
 + Level 5.8 Conjurations
 + Level 2.5 Hexes
 + Level 2.3 Ice Magic
 + Level 2.5 Air Magic


You had 2 spell levels left.
You knew the following spells:

 Your Spells              Type           Power      Damage    Failure   Level
a - Magic Dart            Conj           96%        1d7       1%          1
b - Searing Ray           Conj           48%        2d6       1%          2
c - Dazzling Flash        Conj/Hex       36%        N/A       3%          3
d - Mephitic Cloud        Conj/Pois/Air  13%        N/A       6%          3
e - Vhi's Electric Charg  Tloc/Air       16%        N/A       11%         3
f - Foxfire               Conj/Fire      56%        2x1d6     1%          1

Your spell library contained the following spells:

 Spells                   Type           Power      Damage    Failure   Level
 Cigotuvi's Dreadful Rot  Necr/Pois/Air  12%        N/A       6%          2
 Call Imp                 Summ           6%         N/A       9%          2
 Tukima's Dance           Hex            12%        N/A       6%          3
 Fulminant Prism          Conj/Hex       9%         3d7       11%         4
 Volatile Blastmotes      Fire/Tloc      6%         2d10      17%         3
 Iskenderun's Mystic Bla  Conj/Tloc      14%        2d5       17%         4
 Arcjolt                  Conj/Air       9%         1d19      28%         5
 Dispel Undead            Necr           3%         3d7       47%         4
 Passage of Golubria      Tloc           3%         N/A       47%         4
 Yara's Violent Unravell  Hex/Tmut       4%         3d4       65%         5
 Starburst                Conj/Fire      7%         6d4       92%         6
 Death Channel            Necr           1%         N/A       100%        6
 Maxwell's Capacitive Co  Air            6%         ∞         100%        8


Dungeon Overview and Level Annotations

Branches:
Dungeon (6/15)             Temple (1/1) D:4

Altars:
Ashenzari
Cheibriados
Dithmenos
Elyvilon
Fedhas
Gozag
Hepliaklqana
Okawaru
Qazlal
Ru
Sif Muna
Uskayaw
Vehumet
Wu Jian
Yredelemnul

Shops:
D:2 [

Annotations:
D:4 Eustachio


Innate Abilities, Weirdness & Mutations

You can breathe waves of freezing cold which knock back foes.
Your icy white scales are hard. (AC +6)
You cannot fit into any form of body armour.
Your flesh is cold resistant. (rC+)
You are cold-blooded and may be slowed by cold attacks.


Message History

A puff of flame appears from out of thin air!
The puff of flame hits you!
The hornet buzzes angrily.
You hit something. Vehumet accepts your kill.
Reactivating autopickup.
You feel a bit more experienced.
You're too confused to move!
The hornet misses you. The hornet closely misses you.
Okay, then.
You're too confused to move!
The hornet completely misses you. The hornet attacks as you move away!
The hornet stings you!
The hornet stings you but does no damage.
There is an open door here.
The hornet stings you.
You suddenly lose the ability to move!
The hornet stings you but does no damage.
The hornet stings you.
You can move again.
The hornet misses you. The hornet attacks as you move away!
The hornet stings you!
You feel less confused.
The hornet stings you but does no damage.
You hit the hornet but do no damage. Lightning courses through the hornet!
The hornet is heavily wounded.
The hornet stings you.
Casting: Searing Ray (safe; 1% risk of failure)
Confirm with . or Enter, or press ? or * to list all spells.
Aiming: Searing Ray (safe; 1% risk of failure)
Press: ? - help, Shift-Dir - straight line, f - hornet
Aim: a hornet (heavily wounded, 69% to hit)
The searing ray misses the hornet. (Press . to maintain the ray.)
The hornet closely misses you. The hornet stings you!
* * * LOW HITPOINT WARNING * * *
You feel yourself slow down.
The searing ray hits the hornet!
The hornet is severely wounded.
You feel yourself speed up. The hornet misses you. The hornet stings you!
You die...

.......# .#####.............#
.......# ...)#.............+
.......# .).#.............#
.......+ ..#.............#
.......##+###.#.............#
######......#)##'#####......#
#......#.)......#......#
#......#...y....#......#
#......#...@....+......#
###......#######..# .....
#..###'###...####'##
#......#...........#...<...#
#......#..... .....#.......#
##..##.# #..#
#...##.......###
#####.####'###...#...........
#.............#...........
#.............#...........


You could see a hornet.

Vanquished Creatures
  A steam dragon (D:6)
  2 water moccasins
  An ice beast (D:6)
  A black bear (D:4)
  A phantom (D:5)
  A gnoll sergeant (D:6)
  A scorpion (D:4)
  A hound (D:5)
  A jelly (D:5)
  A sleepcap (D:6)
  Ijyb (D:4)
  2 orc wizards (D:6)
  A hound zombie (D:3)
  4 gnolls (D:6)
  4 adders
  3 white imps (D:6)
  An ufetubus (D:4)
  2 worms (D:2)
  3 dart slugs (D:1)
  8 orcs
  8 bats
  8 endoplasms
  6 giant cockroaches
  9 hobgoblins
  3 jackals (D:4)
  8 quokkas
  11 ball pythons
  5 frilled lizards
  7 goblins
  6 kobolds
  A quokka zombie (D:3)
  7 rats
119 creatures vanquished.

Notes
Turn   | Place    | Note
-------+----------+-------------------------------------------
     0 | D:1      | booth the Draconian Conjurer began the quest for the Orb.
     0 | D:1      | Reached XP level 1. HP: 14/14 MP: 3/3
   216 | D:1      | Reached XP level 2. HP: 20/20 MP: 0/5
   272 | D:1      | Learned a level 2 spell: Searing Ray
   857 | D:1      | Reached XP level 3. HP: 23/26 MP: 4/6
  1736 | D:2      | Identified the +6 dagger "Ysadghasu" {heavy, Str+2}
  2217 | D:2      | Reached XP level 4. HP: 33/33 MP: 7/7
  2221 | D:2      | Learned a level 3 spell: Dazzling Flash
  2260 | D:2      | Found Byqealea's Antique Armour Shop.
  2422 | D:3      | Found a stormy altar of Qazlal.
  3059 | D:3      | Found a basalt altar of Yredelemnul.
  3586 | D:4      | Noticed a black bear
  3612 | D:4      | Killed a black bear
  3613 | D:4      | Reached XP level 5. HP: 28/38 MP: 6/9
  3909 | D:4      | Found a staircase to the Ecumenical Temple.
  3934 | Temple   | Entered the Ecumenical Temple
  4159 | Temple   | Became a worshipper of Vehumet
  4568 | D:4      | Noticed Eustachio
  4574 | D:4      | Learned a level 3 spell: Mephitic Cloud
  4609 | D:4      | Noticed Ijyb
  4637 | D:4      | Killed Ijyb
  4638 | D:4      | Reached skill level 5 in Conjurations
  4813 | D:4      | Reached XP level 6. HP: 45/45 MP: 10/10
  4999 | D:5      | Entered Level 5 of the Dungeon
  5116 | D:5      | Noticed a water moccasin
  5138 | D:5      | Killed a water moccasin
  5139 | D:5      | Reached skill level 1 in Hexes
  5139 | D:5      | Reached skill level 1 in Air Magic
  5749 | D:5      | Your scales start taking on an icy white colour.
  5749 | D:5      | Reached XP level 7. HP: 50/50 MP: 12/12
  5749 | D:5      | Gained mutation: Your flesh is cold resistant. (rC+) [White
                  | Draconian growth]
  5915 | D:6      | Learned a level 3 spell: Vhi's Electric Charge
  6001 | D:6      | Reached skill level 1 in Ice Magic
  6512 | D:6      | Noticed a steam dragon
  6531 | D:6      | Killed a steam dragon
  6532 | D:6      | Reached XP level 8. HP: 8/57 MP: 9/14
  6888 | D:6      | Reached * piety under Vehumet
  6888 | D:6      | Offered knowledge of Foxfire by Vehumet.
  6916 | D:6      | Learned a level 1 spell: Foxfire
  7134 | D:6      | Noticed a hornet
  7140 | D:6      | Paralysed by a hornet for 2 turns
  7146 | D:6      | Slain by a hornet

Illustrated notes

Levels and vault maps discovered:
D:1:      dpeg_arrival_arbitrary_c, layout_basic
D:2:      layout_loops_ring, serial_shops, nicolae_shop_back_alley_shop
D:3:      kennysheep_big_flooded_room, layout_basic,
          lemuel_zombie_altar_yredelemnul, grunt_qazlal_clouds, minmay_ruptured
D:4:      layout_gridville, minmay_temple_entry_sparse_star, uniq_ijyb,
          uniq_eustachio
D:5:      layout_loops_cross
D:6:      layout_gridville
Temple:   nicolae_temple_figure_eight

Skill      XL: |  1  2  3  4  5  6  7 |
---------------+----------------------+-----
Dodging        | 2 3 4 |  4.1
Stealth        | 2 3 4 |  4.4
Spellcasting   | 3 4 |  4.1
Conjurations   | 5 |  5.8
Hexes          | 1 2 |  2.5
Air Magic      | 1 2 |  2.5
Ice Magic      | 2 |  2.3

Action                     |  1- 3 |  4- 6 |  7- 9 || total
---------------------------+-------+-------+-------++-------
  Melee: Unarmed           |    12 |       |       ||    12
         Tailslap          |     4 |     1 |     9 ||    14
         Dagger            |    24 |    42 |    54 ||   120
         Punch             |       |       |     2 ||     2
  Throw: Dart              |       |     5 |     9 ||    14
   Cast: Magic Dart        |    78 |    62 |    27 ||   167
         Searing Ray       |     1 |    12 |     6 ||    19
         Vhi's Electric Ch |       |       |     2 ||     2
         Mephitic Cloud    |       |       |     1 ||     1
Ability: Breathe Frost     |       |       |     1 ||     1
    Use: Scroll            |     1 |     5 |     2 ||     8
         Potion            |     1 |     3 |     3 ||     7
   Stab: Sleeping          |       |     1 |     1 ||     2
 Armour: Skin              |    16 |     9 |    18 ||    43
  Dodge: Dodged            |    17 |    29 |    26 ||    72
  Block: Other             |       |     9 |     4 ||    13
         Reflection        |       |       |     2 ||     2
